Map: Eternal Empire LE

Players

GunGFuBanDa - Winner!

  • Race: Protoss Protoss
  • League: Master
  • Spawn Location: 1:00

Spatz

  • Race: Protoss Protoss
  • League: Master
  • Spawn Location: 7:00

Event: DreamHack SC2 Masters 2020 Summer Europe

VOD

Have the link to the VOD?

Description

Time

  • Played on: June 25, 2020, 11:06 a.m.
  • Length: 20:33

All games in this series

Show
View Real Time Build Order
Export as new Build Order

GunGFuBanDa Protoss - Winner!

Build Orders: Phoenix Opening 

Get SALT Encoding   

  12  0:00  Probe  
  13  0:12  Probe  
  14  0:17  Pylon  
  14  0:24  Probe  
  15  0:32  Probe  
  15  0:37  Gateway  
  15  0:40  Probe  
  16  0:46  Assimilator  
  17  0:51  Probe  
  17  0:54  Assimilator  
  18  0:59  Probe  
  19  1:07  Probe  
  19  1:12  Gateway  
  19  1:17  Probe  
  21  1:25  Cybernetics Core  
  21  1:29  Probe  
  22  1:35  Pylon  
  22  1:41  Probe  
  23  1:53  Probe  
  24  2:04  Stalker x2, Warp Gate  
  28  2:13  Pylon  
  28  2:22  Stargate  
  28  2:34  Stalker  
  28  2:37  Stalker  
  32  2:56  Probe  
  33  3:00  Pylon  
  33  3:04  Phoenix  
  35  3:26  Probe  
  35  3:27  Phoenix  
  37  3:41  Nexus  
  37  3:44  Phoenix  
  37  3:45  Probe  
  40  3:57  Sentry  
  40  4:00  Probe  
  43  4:07  Phoenix  
  45  4:16  Pylon  
  45  4:25  Probe  
  45  4:30  Robotics Facility  
  46  4:48  Shield Battery  
  46  4:52  Probe  
  46  4:55  Probe  
  48  5:00  Probe  
  48  5:06  Sentry  
  51  5:07  Probe  
  51  5:10  Probe  
  51  5:11  Immortal  
  53  5:14  Pylon  
  53  5:19  Probe  
  54  5:22  Probe  
  59  5:30  Adept  
  59  5:31  Adept  
  59  5:34  Twilight Council  
  63  5:42  Probe x2  
  65  5:45  Observer  
  65  5:52  Blink  
  65  5:54  Probe x2  
  68  6:01  Pylon  
  68  6:02  Forge  
  68  6:05  Warp Prism  
  68  6:06  Probe x2  
  72  6:18  Probe  
  72  6:24  Assimilator  
  73  6:28  Gateway  
  73  6:30  Gateway  
  73  6:32  Immortal  
  73  6:33  Gateway  
  77  6:47  Probe x2  
  77  6:50  Pylon  
  79  6:56  Pylon  
  79  6:57  Pylon  
  79  7:01  Stalker x2  
  83  7:10  Gateway  
  83  7:28  Stalker x5  
  93  7:54  Stalker x5  
  101  8:05  Probe  
  101  8:07  Probe  
  99  8:13  Assimilator  
  99  8:23  Sentry  
  99  8:24  Stalker x3  
  107  8:27  Nexus  
  107  8:29  Charge  
  107  8:33  Probe x2  
  109  8:39  Pylon  
  109  8:45  Forge  
  109  8:53  Immortal, Probe  
  110  8:57  Probe  
  110  8:58  Protoss Ground Weapons Level 1, Pylon  
  110  9:00  Shield Battery  
  111  9:03  Shield Battery  
  111  9:05  Probe  
  111  9:09  Probe  
  117  9:17  Probe  
  117  9:22  Shield Battery, Zealot x3  
  117  9:23  Shield Battery  
  120  9:43  Probe  
  120  9:44  Probe  
  122  9:46  Templar Archives  
  122  9:47  Zealot x3  
  124  10:03  Immortal  
  124  10:09  Zealot x4  
  130  10:32  Probe  
  130  10:33  Probe x2  
  133  10:36  Pylon  
  133  10:41  Pylon  
  133  10:43  Protoss Shields Level 1  
  133  10:53  Warp Prism, Assimilator  
  133  10:54  Probe x2  
  133  10:55  Photon Cannon  
  133  10:56  Photon Cannon  
  136  11:05  High Templar x4  
  136  11:06  High Templar x2  
  136  11:08  Probe  
  149  11:12  Photon Cannon, Archon x2  
  149  11:13  Pylon  
  149  11:16  Archon  
  149  11:20  Photon Cannon, Probe  
  149  11:24  Gateway x2  
  148  11:25  Gateway  
  148  11:30  Pylon  
  142  11:40  Assimilator  
  142  11:44  Observer  
  142  11:47  Stalker x4  
  142  11:50  Pylon  
  142  11:51  Pylon  
  150  12:00  Pylon  
  150  12:02  Observer  
  150  12:05  Pylon  
  151  12:14  Zealot x2  
  151  12:15  Zealot x4  
  163  12:18  Photon Cannon  
  163  12:19  Shield Battery, Pylon  
  163  12:31  Nexus, Observer  
  163  12:33  Protoss Ground Weapons Level 2  
  163  12:40  Probe  
  165  12:44  Robotics Facility  
  165  12:45  Photon Cannon  
  165  12:46  High Templar x4  
  165  12:47  High Templar x2  
  165  12:50  Pylon  
  165  12:51  Archon x3  
  177  12:56  Warp Prism  
  177  13:20  Probe x2  
  177  13:21  Photon Cannon  
  177  13:23  Probe  
  177  13:25  High Templar x2  
  184  13:29  Archon  
  184  13:40  High Templar x2  
  184  13:41  Zealot x5  
  194  13:45  Archon  
  176  14:01  Zealot  
  172  14:03  Zealot x6  
  172  14:07  Probe x2  
  181  14:32  Zealot x8  
  197  14:39  Nexus  
  197  14:40  Pylon  
  145  14:55  Zealot x6  
  145  14:56  Zealot  
  129  15:04  Zealot x2  
  119  15:10  Probe x2  
  119  15:11  Probe  
  110  15:16  High Templar x3  
  110  15:17  High Templar x3  
  110  15:20  Photon Cannon  
  122  15:21  Archon x2  
  122  15:22  Archon, Probe  
  122  15:27  Zealot x3  
  123  15:30  Protoss Ground Weapons Level 3  
  121  15:41  Probe x2  
  119  15:47  Photon Cannon  
  119  15:49  High Templar x5  
  129  15:50  Sentry, High Templar, Zealot x2  
  129  15:53  Archon x3  
  137  16:04  Shield Battery  
  137  16:06  Assimilator  
  137  16:07  Assimilator  
  137  16:11  Zealot x2  
  141  16:14  Zealot  
  143  16:21  Zealot x3  
  143  16:22  Zealot x3  
  130  16:36  Zealot x3  
  99  16:54  High Templar x3  
  99  16:55  Zealot x3  
  99  17:00  High Templar, Zealot x2  
  113  17:06  Archon x2  
  113  17:07  Gateway x2  
  113  17:15  Pylon  
  113  17:16  Pylon  
  113  17:18  Zealot x3  
  113  17:19  Zealot x2  
  117  17:33  Zealot x4  
  119  17:37  Zealot x2  
  115  17:44  Observer  
  115  17:45  Probe x3  
  119  17:52  Observer  
  119  17:56  Dark Shrine  
  119  17:57  Nexus, Probe  
  119  17:58  Pylon  
  121  17:59  Robotics Bay  
  121  18:03  Zealot x3  
  127  18:05  Sentry  
  129  18:19  Photon Cannon  
  129  18:21  Shield Battery  
  129  18:33  High Templar x2  
  129  18:34  Zealot x9  
  135  18:37  Disruptor x2  
  135  18:38  Photon Cannon  
  135  18:39  Archon  
  154  19:03  Zealot x5  
  162  19:11  Disruptor x2  
  168  19:30  Photon Cannon  
  167  19:32  Zealot  
  167  19:33  Zealot x2  
  167  19:37  Disruptor x2  
  169  19:49  Photon Cannon  
  173  19:54  Photon Cannon  
  173  20:00  Unknown  
Show
View Real Time Build Order
Export as new Build Order

Spatz Protoss 

Build Orders:  

Get SALT Encoding   

  12  0:00  Probe  
  13  0:12  Probe  
  14  0:17  Pylon  
  14  0:23  Probe  
  15  0:31  Probe  
  15  0:37  Gateway  
  15  0:39  Probe  
  16  0:46  Assimilator  
  17  0:51  Probe  
  17  0:54  Assimilator  
  18  1:00  Probe  
  19  1:08  Probe  
  19  1:10  Gateway  
  20  1:18  Probe  
  20  1:24  Cybernetics Core  
  21  1:32  Probe  
  22  1:35  Pylon  
  22  1:39  Pylon  
  22  1:44  Probe  
  23  2:00  Robotics Facility  
  23  2:06  Stalker  
  23  2:07  Stalker  
  27  2:11  Warp Gate  
  27  2:18  Pylon  
  27  2:22  Probe  
  28  2:37  Stalker  
  28  2:38  Sentry  
  32  2:49  Warp Prism  
  33  3:17  Nexus  
  33  3:23  Immortal  
  37  3:41  Pylon  
  41  4:07  Probe  
  42  4:16  Probe  
  42  4:22  Twilight Council  
  40  4:24  Observer, Probe  
  40  4:25  Probe  
  42  4:33  Sentry, Stalker, Probe x2  
  48  4:43  Probe  
  48  4:45  Probe  
  47  4:48  Blink  
  48  4:55  Probe  
  48  4:57  Probe  
  50  5:05  Stalker x2  
  50  5:07  Probe  
  50  5:09  Probe  
  52  5:16  Probe  
  53  5:21  Probe  
  53  5:24  Probe  
  55  5:30  Sentry, Stalker  
  55  5:34  Probe x2  
  55  5:35  Assimilator, Pylon  
  61  5:44  Pylon  
  61  5:46  Probe x2  
  60  5:58  Probe x2  
  62  6:04  Forge  
  62  6:10  Nexus, Probe x2  
  64  6:18  Stalker  
  64  6:22  Probe  
  64  6:23  Probe  
  68  6:26  Protoss Ground Weapons Level 1  
  68  6:30  Gateway  
  68  6:32  Gateway  
  68  6:34  Probe  
  70  6:44  Stalker x2  
  74  6:48  Pylon  
  73  6:55  Probe  
  73  6:56  Observer, Probe  
  75  7:06  Gateway x2  
  75  7:10  Stalker x2  
  75  7:14  Charge  
  79  7:16  Pylon  
  79  7:17  Probe x2  
  81  7:24  Probe  
  81  7:29  Probe  
  78  7:35  Stalker x2  
  78  7:36  Templar Archives  
  82  7:41  Pylon  
  82  7:44  Probe  
  84  7:49  Stalker x2  
  87  7:59  Shield Battery  
  87  8:01  Stalker x2  
  83  8:13  Stalker x3  
  83  8:16  Stalker  
  91  8:26  Stalker x2  
  95  8:35  Robotics Facility  
  95  8:39  Zealot x4  
  103  8:41  Probe  
  103  8:44  Pylon  
  103  8:45  Probe  
  105  8:49  Probe  
  105  8:51  Probe  
  101  9:02  Zealot x3  
  101  9:03  Zealot  
  109  9:11  Zealot x2  
  109  9:13  Warp Prism, Probe  
  109  9:15  Protoss Ground Weapons Level 2  
  113  9:18  Probe  
  115  9:25  Probe x2  
  115  9:31  Probe  
  117  9:35  Probe  
  117  9:39  Assimilator, Probe  
  116  9:48  Gateway x2, Probe  
  117  9:57  Probe  
  113  10:01  Probe  
  113  10:03  Probe  
  113  10:09  Probe  
  113  10:10  Dark Shrine  
  110  10:23  Zealot x6  
  110  10:31  Probe  
  110  10:34  Probe  
  108  10:42  Probe  
  108  10:45  Zealot x5  
  108  10:49  Pylon  
  116  10:51  Assimilator, Pylon  
  116  10:52  Assimilator, Pylon  
  115  11:05  Observer  
  115  11:10  Pylon  
  115  11:11  Pylon  
  116  11:13  Probe x2  
  116  11:14  Probe  
  118  11:19  Observer  
  118  11:25  Probe x2  
  119  11:26  Dark Templar x2  
  119  11:28  Probe  
  119  11:31  Zealot x3  
  119  11:32  Zealot  
  132  11:36  Probe  
  132  11:37  Probe x2  
  134  11:41  Dark Templar  
  134  11:46  Protoss Ground Weapons Level 3  
  137  11:49  Probe  
  137  11:50  Probe  
  137  11:53  Probe  
  137  12:00  High Templar x2  
  142  12:01  Probe  
  142  12:08  Nexus  
  143  12:10  Archon, High Templar x2  
  147  12:17  Pylon  
  147  12:19  Dark Templar x2  
  151  12:25  Warp Prism  
  151  12:27  Probe  
  151  12:29  Probe  
  153  12:31  Probe  
  153  12:36  Archon x2  
  154  12:37  High Templar  
  154  12:39  Probe x2  
  154  12:42  Probe  
  159  12:44  Archon  
  159  12:45  High Templar x3  
  159  12:49  Archon  
  159  12:50  Pylon  
  165  12:52  Pylon  
  165  12:53  Pylon  
  165  12:55  Pylon  
  165  13:01  Probe  
  165  13:08  Probe  
  165  13:12  High Templar x3  
  172  13:13  High Templar x2  
  172  13:16  Archon, Pylon  
  172  13:17  Archon  
  172  13:18  Archon  
  172  13:19  Pylon  
  175  13:20  Zealot x3  
  181  13:31  Gateway x2, Probe  
  181  13:34  Gateway  
  182  13:42  Zealot x3  
  182  13:43  Probe  
  182  13:45  Zealot x3  
  177  13:58  Zealot x2  
  169  14:03  Zealot x3  
  175  14:16  Zealot x3  
  170  14:31  Zealot x8  
  186  14:46  Nexus  
  186  14:49  Probe  
  186  14:51  Probe  
  142  14:53  Probe  
  142  14:58  Zealot x4  
  142  14:59  Zealot x3  
  107  15:07  Zealot x3  
  95  15:18  High Templar x2  
  95  15:19  High Templar x6  
  109  15:23  Archon x3  
  109  15:24  Archon  
  107  15:28  Probe  
  107  15:30  Probe  
  107  15:34  Zealot x2  
  107  15:35  Zealot  
  103  15:43  Warp Prism  
  95  15:51  High Templar x3  
  95  15:52  High Templar x3, Zealot  
  95  15:53  Zealot  
  95  15:55  Archon  
  95  15:56  Archon x2  
  113  15:58  High Templar  
  113  15:59  High Templar, Zealot  
  113  16:02  Archon  
  119  16:15  Unknown, Pylon  
  119  16:20  High Templar x2, Zealot  
  119  16:24  Archon, Zealot x4  
  119  16:25  Zealot x2  
  113  16:37  Zealot x3  
  117  16:43  Zealot  
  117  16:45  Zealot x3  
  105  16:47  Zealot  
  103  16:55  Observer  
  104  17:11  High Templar x2, Zealot x3  
  104  17:12  Zealot x4  
  104  17:15  Archon  
  122  17:22  Photon Cannon  
  89  17:42  Stalker x7  
  89  17:45  Probe x2  
  83  17:59  High Templar x2  
  83  18:00  High Templar x2  
  83  18:04  Archon x2  
  83  18:05  Zealot x4  
  99  18:14  Zealot x3  
  103  18:43  High Templar x4  
  103  18:44  Zealot x3  
  103  18:47  Archon x2, Nexus  
  117  18:54  Dark Templar  
  119  19:04  Zealot x3  
  119  19:05  Zealot x2  
  119  19:08  Pylon  
  114  19:34  Probe  
  114  19:38  Stalker x7  
  117  19:42  Probe  
  119  19:45  Probe  
  119  19:46  Probe x2  
  121  19:54  Probe  
  122  20:01  High Templar x3  
  122  20:02  High Templar, Zealot  
  118  20:07  Archon x2  
  118  20:11  Zealot x3  
  124  20:18  Probe  
  125  20:27  Zealot x3  
Tags
 
Add a new tag
Caveats
  • Supply blocks, unpowered buildings, or Contaminate may cause inaccurate times.
  • Supply counts are checked every 10 seconds.